 Dungeon Crawl Stone Soup version 0.20-a0-941-gba1b1f9 (webtiles) character file.

2975 JimmahDean the Transmogrifier (level 9, -2/72 HPs)
             Began as a Yellow Draconian Transmuter on Apr 1, 2017.
             Was a Believer of Okawaru.
             Slain by Erica
             ... wielding a +4 scimitar of flaming
              (12 damage)
             ... on level 8 of the Dungeon.
             The game lasted 00:26:00 (8775 turns).

JimmahDean the Transmogrifier (DrTm)                Turns: 8775, Time: 00:26:01

Health: -2/72      AC:  2    Str: 12    XL:     9   Next: 53%
Magic:  8/13       EV: 19    Int: 17    God:    Okawaru [**....]
Gold:   382        SH:  0    Dex: 19    Spells: 3/14 levels left

rFire    . . .     SeeInvis .     - Unarmed
rCold    . . .     Gourm    .   (shield currently unavailable)
rNeg     . . .     Faith    .   (armour unavailable)
rPois    x         Spirit   .   (helmet currently unavailable)
rElec    .         Reflect  .   (cloak currently unavailable)
rCorr    .         Harm     .   (gloves currently unavailable)
MR       .....                  (boots currently unavailable)
Stlth    ++........             (no amulet)
Regen    0.3/turn               (no ring)
MPRegen  0.2/turn               (no ring)

@: short of breath, spider-form, slowed, very slow
A: (spit acid), (acid resistance), unfitting armour, (stinger 0), blurry vision
1, clever 1, (cold-blooded), AC +7
a: End Transformation, Heroism, Renounce Religion


You were on level 8 of the Dungeon.
You worshipped Okawaru.
Okawaru was pleased with you.
You were not hungry.
You were a venomous arachnid creature.
You visited 2 branches of the dungeon, and saw 9 of its levels.
You also visited: Sewer.

You collected 382 gold pieces.

Inventory:

Hand Weapons
 a - a +0 hunting sling
Missiles
 f - 201 stones (quivered)
 r - 117 arrows
 u - 3 tomahawks
Armour
 o - a +1 cloak (melded)
 G - a +2 buckler
 N - a +0 pair of gloves (melded)
Jewellery
 m - a +3 ring of strength {unknown}
 v - an uncursed ring of positive energy {unknown}
 H - an uncursed ring of ice {unknown}
Wands
 y - a wand of lightning (9/15)
 E - a wand of iceblast (5/15)
 F - a wand of polymorph (15/24)
 L - a wand of flame (22/48)
Scrolls
 i - 10 scrolls of teleportation {@r4}
 j - 3 scrolls of remove curse {@r2}
 k - a scroll of noise {unknown}
 q - a scroll of amnesia {unknown}
 t - 10 scrolls of identify {unknown}
 w - 2 scrolls of fog {unknown}
 x - a scroll of immolation {unknown}
 z - 2 scrolls of blinking
 I - a scroll of enchant weapon {unknown}
 K - 2 scrolls of enchant armour {unknown}
Potions
 d - 5 potions of curing {@q1}
 e - 2 potions of haste {unknown}
 g - 2 potions of might {unknown}
 h - 3 potions of heal wounds {unknown}
 l - 3 potions of degeneration {unknown}
 n - a potion of berserk rage {unknown}
 s - a potion of ambrosia {unknown}
 A - a potion of resistance {unknown}
 D - 2 potions of flight {unknown}
 J - 2 potions of brilliance {unknown}
 M - a potion of cancellation {unknown}
 R - a potion of lignification {unknown}
Books
 b - a book of Changes

   Spells                             Type                      Level
   a - Beastly Appendage              Transmutation                1
   b - Sticks to Snakes               Transmutation                2
   c - Spider Form                    Transmutation/Poison         3
   d - Ice Form                       Ice/Transmutation            4
   e - Blade Hands                    Transmutation                5
 B - a book of Callings

   Spells                             Type                      Level
   a - Summon Small Mammal            Summoning                    1
   b - Call Imp                       Summoning                    2
   c - Call Canine Familiar           Summoning                    3
   d - Summon Guardian Golem          Hexes/Summoning              3
   e - Summon Lightning Spire         Summoning/Air                4
   f - Summon Ice Beast               Ice/Summoning                4
 C - An Initiation to Thaumaturgy
   (You found it on level 5 of the Dungeon)

   Spells                             Type                      Level
   a - Magic Dart                     Conjuration                  1
   b - Sting                          Conjuration/Poison           1
   c - Corona                         Hexes                        1
   d - Animate Skeleton               Necromancy                   1
   e - Apportation                    Translocation                1
 O - a book of Cantrips

   Spells                             Type                      Level
   a - Confusing Touch                Hexes                        1
   b - Animate Skeleton               Necromancy                   1
   c - Summon Small Mammal            Summoning                    1
   d - Apportation                    Translocation                1
Comestibles
 c - 4 bread rations {@e1}
 p - 3 meat rations {@e1}
 Q - a royal jelly {@e3}


   Skills:
 + Level 4.4 Fighting
 - Level 1.7 Dodging
 * Level 6.7 Unarmed Combat
 - Level 3.0 Spellcasting
 - Level 10.1 Transmutations
 - Level 4.1 Ice Magic


You had 3 spell levels left.
You knew the following spells:

 Your Spells              Type           Power        Failure   Level  Hunger
a - Beastly Appendage     Tmut           #####.       3%          1    None
b - Sticks to Snakes      Tmut           #####...     3%          2    ##.....
c - Spider Form           Tmut/Pois      ###.......   24%         3    ###....
d - Ice Form              Ice/Tmut       ####....     28%         4    ####...
e - Apportation           Tloc           #.....       41%         1    None


Dungeon Overview and Level Annotations

Branches:
Dungeon (8/15)             Temple (1/1) D:6
   Lair: D:8-11

Altars:
Ashenzari
Cheibriados
Fedhas
Gozag
Hepliaklqana
Kikubaaqudgha
Makhleb
Nemelex Xobeh
Okawaru
Qazlal
Ru
Sif Muna
Trog
Uskayaw
Vehumet
Wu Jian
Xom
Yredelemnul
Zin
The Shining One

Shops:
D:5 %

Annotations:
D:8 Erica


Innate Abilities, Weirdness & Mutations

((You can spit globs of acid.))
((You are resistant to acid.))
((Your golden yellow scales are hard. (AC +7)))
You cannot fit into any form of body armour.
((You are cold-blooded and may be slowed by cold attacks.))
((Your tail ends in a poisonous barb.))
Scrolls take you a little longer to read.
Your mind is acute. (Int +2)


Message History

Erica points at you and mumbles some strange words.
You feel yourself slow down.
Casting: Sticks to Snakes
Confirm with . or Enter, or press ? or * to list all spells.
You turn into a venomous arachnid creature.
Your +1 cloak melds into your body.
Your +0 pair of gloves melds into your body.
Erica hits you with a scimitar of flaming!
Erica burns you.
Erica hits you with a scimitar of flaming!
* * * LOW HITPOINT WARNING * * *
Erica burns you.
* * * LOW HITPOINT WARNING * * *
You barely miss Erica.
Erica is moderately wounded.
Erica points at you and mumbles some strange words.
The orb of energy misses you.
It was a potion of curing.
You feel better.
Erica hits you with a scimitar of flaming!
You die...

..# ..# ### #.# #..
#.## #.# #.## #.# #.o.
#.# #.##
##########.########...
#....s@.o...........##
#.#######.##.#........
#.# #.รท<.#...#.#...##
#.# #.#........#.###
#.# #.#..##.#..#.# #.#
#.#........#.# #<#
#.##.#####.#.# ### #.
... ..#.# ## #.##
..#.#


You could see Erica and an orc.

Vanquished Creatures
  A two-headed ogre (D:7)
  Prince Ribbit (D:5)
  An eye of draining (D:8)
  An ogre (D:7)
  2 ice beasts
  An orc warrior (D:7)
  2 sky beasts (D:7)
  A centaur (D:7)
  A big kobold (Sewer)
  5 bullfrogs
  2 scorpions
  3 crimson imps
  8 jellies
  3 hounds
  4 orc priests
  An orc wizard (D:7)
  Ijyb (D:5)
  An iguana (D:5)
  4 worker ants
  A hound zombie (D:6)
  A hound skeleton (D:7)
  A gnoll (D:1)
  9 adders
  A river rat (Sewer)
  A shadow imp (D:6)
  17 oozes
  An adder skeleton (D:4)
  An adder zombie (D:7)
  4 worms
  2 dart slugs
  10 leopard geckos
  20 orcs
  3 ball pythons
  7 bats
  9 giant cockroaches
  4 goblins
  9 hobgoblins
  6 jackals
  11 kobolds
  10 frilled lizards
  8 rats
179 creatures vanquished.

Vanquished Creatures (collateral kills)
  An adder (D:3)
  A worm (D:2)
  A jackal (D:3)
  A kobold (D:3)
4 creatures vanquished.

Vanquished Creatures (others)
  An orc warrior (D:6)
  A bullfrog (D:6)
  An iguana (D:6)
  A gnoll (D:6)
  A shadow imp (D:6)
  A leopard gecko skeleton (D:6)
  5 fungi (D:6)
  5 toadstools (D:1)
16 creatures vanquished.

Grand Total: 199 creatures vanquished

Notes
Turn   | Place    | Note
-------+----------+-------------------------------------------
     0 | D:1      | JimmahDean the Draconian Transmuter began the quest for the Orb.
     0 | D:1      | Reached XP level 1. HP: 16/16 MP: 3/3
   167 | D:1      | Reached XP level 2. HP: 19/23 MP: 3/5
   211 | D:1      | Reached skill level 3 in Transmutations
   225 | D:1      | Learned a level 2 spell: Sticks to Snakes
   719 | D:1      | Reached XP level 3. HP: 25/28 MP: 6/6
   724 | D:1      | Learned a level 3 spell: Spider Form
  1001 | D:2      | Reached skill level 4 in Transmutations
  1313 | D:2      | Reached XP level 4. HP: 33/35 MP: 0/7
  2207 | D:3      | Reached skill level 5 in Transmutations
  2207 | D:3      | Reached XP level 5. HP: 19/40 MP: 8/8
  2685 | D:3      | Found a radiant altar of Vehumet.
  3270 | D:4      | Reached skill level 6 in Transmutations
  3733 | D:4      | Reached XP level 6. HP: 28/47 MP: 5/9
  4016 | D:4      | Found a basalt altar of Yredelemnul.
  4305 | D:4      | Reached skill level 7 in Transmutations
  4695 | D:5      | Entered Level 5 of the Dungeon
  4774 | D:5      | Found a glowing drain.
  4778 | Sewer    | Entered a sewer
  4869 | Sewer    | Found a glowing silver altar of Zin.
  5034 | D:5      | Your scales start taking on a golden yellow colour.
  5034 | D:5      | Reached XP level 7. HP: 55/55 MP: 6/10
  5123 | D:5      | Identified An Initiation to Thaumaturgy
  5147 | D:5      | Noticed Prince Ribbit
  5170 | D:5      | Killed Prince Ribbit
  5170 | D:5      | Reached skill level 5 in Unarmed Combat
  5176 | D:5      | Learned a level 4 spell: Ice Form
  5380 | D:5      | Noticed Ijyb
  5393 | D:5      | Killed Ijyb
  5412 | D:5      | Reached skill level 1 in Ice Magic
  5446 | D:5      | Found Juveicam's Food Boutique.
  5632 | D:5      | Found a stormy altar of Qazlal.
  5653 | D:5      | Reached XP level 8. HP: 54/63 MP: 9/12
  5834 | D:6      | Found a snail-covered altar of Cheibriados.
  5837 | D:6      | Found a deep blue altar of Sif Muna.
  5839 | D:6      | Found a blossoming altar of Fedhas.
  6007 | D:6      | Found a shimmering altar of Xom.
  6041 | D:6      | Found a staircase to the Ecumenical Temple.
  6064 | Temple   | Entered the Ecumenical Temple
  6128 | Temple   | Became a worshipper of Warmaster Okawaru
  6454 | D:6      | Noticed a slime creature
  6696 | D:6      | Reached skill level 8 in Transmutations
  7063 | D:7      | Learned a level 1 spell: Apportation
  7082 | D:7      | Found a flagged portal.
  7101 | D:7      | Found an iron altar of Okawaru.
  7353 | D:7      | Noticed a two-headed ogre
  7363 | D:7      | HP: 3/63 [hound skeleton (4)]
  7377 | D:7      | Killed a two-headed ogre
  7377 | D:7      | Reached * piety under Okawaru
  7377 | D:7      | Reached skill level 10 in Transmutations
  7377 | D:7      | Reached XP level 9. HP: 7/70 MP: 8/13
  7747 | D:7      | Gained mutation: Your tail ends in a poisonous barb. [mutagenic meat]
  7748 | D:7      | Gained mutation: Scrolls take you a little longer to read. [mutagenic meat]
  7749 | D:7      | Gained mutation: Your mind is acute. (Int +2) [mutagenic meat]
  8574 | D:8      | Noticed Erica
  8580 | D:8      | Reached ** piety under Okawaru
  8775 | D:8      | Slain by Erica

Vault maps used:
D:1:      ldierk_walled_garden, kennysheep_decorative_pillar
D:3:      lemuel_crystal_altar, minmay_lizard_king
D:4:      first_bread, yredelemnul_altar_generic
D:5:      kennysheep_mini, serial_shops, nicolae_shop_trees,
          gup_sewer_entry_bowl, minmay_misc_feat_secret_circle, uniq_iyjb,
          uniq_prince_ribbit1
D:6:      lemuel_slime, grunt_temple_overflow_open, kennysheep_mini_moat,
          minmay_temple_entry_grid, xom_confusion_cloud
D:7:      enter_bailey_8, okawaru_gym_becter
D:8:      nicolae_dithmenos_the_darkroom, enter_ossuary_4, grunt_ogre_cave,
          uniq_erica, uniq_gastronok
Temple:   eino_wide_crystal_templ
Sewer:    sewer_kobolds

Skill      XL: |  1  2  3  4  5  6  7  8  9 |
---------------+----------------------------+-----
Transmutations | 3 4 5 6 7 10 | 10.1
Fighting       | 2 3 4 |  4.4
Unarmed Combat | 4 5 6 |  6.7
Spellcasting   | 3 |  3.0
Ice Magic      | 1 4 |  4.1
Dodging        | |  1.7

Action                   |  1- 3 |  4- 6 |  7- 9 || total
-------------------------+-------+-------+-------++-------
Melee: Unarmed           |   102 |   297 |   269 ||   668
       Tailslap          |    21 |    17 |    23 ||    61
       Kick              |    13 |     4 |       ||    17
       Headbutt          |     5 |     1 |       ||     6
       Punch             |     2 |     1 |     3 ||     6
 Fire: Hunting sling     |       |     4 |       ||     4
 Cast: Beastly Appendage |    17 |     6 |       ||    23
       Sticks to Snakes  |     3 |     1 |     6 ||    10
       Spider Form       |       |    21 |    25 ||    46
       Ice Form          |       |       |     1 ||     1
 Abil: Breathe Acid      |       |       |    10 ||    10
       End Transformatio |       |       |     1 ||     1
  Use: Scroll            |       |     3 |       ||     3
       Potion            |       |       |     1 ||     1
 Stab: Distracted        |       |     1 |       ||     1
       Sleeping          |       |       |     2 ||     2
  Eat: Chunk             |     2 |    16 |    11 ||    29
       Bread ration      |       |       |     2 ||     2
Armor: Skin              |    17 |    48 |    45 ||   110
Dodge: Dodged            |    44 |   196 |   134 ||   374
